 Dungeon Crawl Stone Soup version 0.32-a0-643-ga006e77 (webtiles) character file.

Game seed: 1493902502256226979

34087 sdynet the Thaumaturge (level 13, -2/111 HPs)
             Began as a Pale Draconian Air Elementalist on Mar 7, 2024.
             Was a High Priest of Makhleb.
             Slain by a spriggan druid
             ... wielding a +0 quarterstaff
              (6 damage)
             ... on level 2 of the Lair of Beasts.
             The game lasted 00:59:08 (17400 turns).

sdynet the Thaumaturge (DrAE)                      Turns: 17400, Time: 00:59:09

Health: -2/111     AC: 19    Str: 12    XL:     13   Next: 40%
Magic:  25/31      EV: 13    Int: 26    God:    Makhleb [*****.]
Gold:   435        SH:  4    Dex: 11    Spells: 22/40 levels left

rFire   . . .        a - staff of alchemy
rCold   . . .        N - +0 buckler
rNeg    . . .        (body armour unavailable)
rPois   +            (helmet restricted)
rElec   .            c - +0 cloak
rCorr   .            (no gloves)
SInv    .            B - +0 pair of boots
Will    +....        (no amulet)
Stlth   ++           i - ring of willpower
HPRegen 0.38/turn    k - +6 ring of intelligence
MPRegen 0.22/turn

%: no passive effects
@: ice-armoured, freezing walls, slowed, very slow
A: steam breath, AC +8, unfitting armour, cold-blooded, steam resistance
a: Steam Breath, Renounce Religion, Minor Destruction, Lesser Servant of
Makhleb, Major Destruction, Greater Servant of Makhleb


You were on level 2 of the Lair of Beasts.
You worshipped Makhleb.
Makhleb was extremely pleased with you.
You visited 3 branches of the dungeon, and saw 13 of its levels.

You collected 778 gold pieces.
You spent 343 gold pieces at shops.

Inventory:

Hand Weapons
 y - a +5 dagger of venom
Missiles
 o - a throwing net
 Y - 6 curare-tipped darts
 Z - 21 poisoned darts
Armour
 c - a +0 cloak (worn)
 A - a +0 kite shield
 B - a +0 pair of boots (worn)
 C - an orb of energy
 N - a +0 buckler (worn)
Magical Staves
 a - a staff of alchemy (weapon)
 b - a staff of cold
Jewellery
 h - a ring of resist corrosion
 i - a ring of willpower (left hand)
 j - the ring of Wenuel Puep {Ice Str+3 Int-2 SInv}
   (You found it on level 1 of the Lair of Beasts)

   [ring of ice]

   Ice:       It enhances your ice magic.
   Str+3:     It affects your strength (+3).
   Int-2:     It affects your intelligence (-2).
   rF-:       It makes you vulnerable to fire.
   rC+:       It protects you from cold.
   SInv:      It lets you see invisible.
 k - a +6 ring of intelligence (right hand)
Wands
 p - a wand of roots (12)
 D - a wand of flame (47)
 J - a wand of light (3)
 L - a wand of paralysis (1)
Scrolls
 d - 2 scrolls of teleportation {!r}
 f - a scroll of poison
 n - 6 scrolls of revelation {!r}
 q - a scroll of blinking
 s - a scroll of vulnerability
 E - a scroll of silence {!r}
 F - a scroll of amnesia
 K - a scroll of fog {unknown}
 M - a scroll of enchant armour {unknown}
Potions
 g - a potion of invisibility {!q}
 l - 2 potions of magic {!q}
 m - a potion of haste {!q}
 r - a potion of cancellation {!q}
 t - a potion of berserk rage {!q}
 u - a potion of ambrosia {!q}
 w - 5 potions of curing {!q}
 x - a potion of brilliance {!q}
 z - 2 potions of attraction
 H - a potion of resistance {!q}
 I - a potion of might {unknown}
Miscellaneous
 G - a box of beasts


   Skills:
 - Level 9.0 Fighting
 - Level 1.0 Short Blades
 - Level 6.0 Dodging
 - Level 3.0 Stealth
 + Level 2.0 Shields
 * Level 14.4 Spellcasting
 - Level 5.0 Conjurations
 - Level 3.0 Necromancy
 - Level 4.0 Ice Magic
 + Level 12.5 Air Magic
 - Level 3.0 Evocations


You had 22 spell levels left.
You knew the following spells:

 Your Spells              Type           Power      Damage    Failure   Level
a - Shock                 Conj/Air       100%       1d9       1%          1
b - Static Discharge      Conj/Air       100%       3-8/arc   1%          2
c - Airstrike             Air            35%        2d(6-22)  1%          4
d - Frozen Ramparts       Ice            78%        1d12      2%          3
e - Ozocubu's Armour      Ice            39%        N/A       2%          3
B - Sublimation of Blood  Necr           34%        N/A       1%          2
S - Swiftness             Air            71%        N/A       1%          3

Your spell library contained the following spells:

 Spells                   Type           Power      Damage    Failure   Level
 Freeze                   Ice            100%       1d10      1%          1
 Hailstorm                Conj/Ice       42%        3d9       1%          3
 Fugue of the Fallen      Necr           34%        N/A       3%          3
 Call Imp                 Summ           36%        N/A       6%          2
 Lesser Beckoning         Tloc           36%        N/A       6%          2
 Gell's Gravitas          Tloc           18%        N/A       12%         3
 Teleport Other           Tloc           18%        N/A       12%         3
 Animate Dead             Necr           34%        N/A       12%         4
 Manifold Assault         Tloc           18%        N/A       38%         4
 Dispersal                Tloc           9%         N/A       99%         6
 Haunt                    Necr/Summ      13%        N/A       100%        7
 Summon Hydra             Summ           9%         N/A       100%        7
 Infestation              Necr           17%        N/A       100%        8


Dungeon Overview and Level Annotations

Branches:
Dungeon (10/15)            Temple (1/1) D:7            Lair (2/5) D:9
    Orc (0/2) D:10
  Swamp: Lair:2-3    Shoals: Lair:2-3     Snake: Lair:2-3    Spider: Lair:2-3

Altars:
Ashenzari
Cheibriados
Dithmenos
Elyvilon
Fedhas
Gozag
Hepliaklqana
Kikubaaqudgha
Makhleb
Nemelex Xobeh
Okawaru
Qazlal
Ru
Sif Muna
Trog
Uskayaw
Vehumet
Wu Jian
Xom
Yredelemnul
Zin
The Shining One

Shops:
D:2 :   D:6 !   D:9 *

Annotations:
D:6 3 runed translucent doors, exclusion: 3 doors, aor's ghost, novice OpMo
D:8 3 runed translucent doors, exclusion: 3 doors, korenl137's ghost, novice AtBe


Innate Abilities, Weirdness & Mutations

You can breathe blasts of scalding, opaque steam.
Your pale cyan-grey scales are hard. (AC +8)
You cannot fit into any form of body armour.
You are cold-blooded and may be slowed by cold attacks.
You are immune to the effects of steam.


Message History

You feel yourself speed up.
You are hit by a branch!
The wolf stops to sniff the ground.
The wall freezes the hornet.
The hornet stings you.
You feel yourself slow down.
The wall freezes the hornet.
The hornet stings you.
You suddenly lose the ability to move!
You feel yourself speed up. A tree reaches out and hits you!
The wall freezes the hornet.
The hornet stings you but does no damage.
The wall freezes the hornet.
The hornet stings you.
* * * LOW HITPOINT WARNING * * *
You feel yourself slow down.
You feel yourself speed up. A tree reaches out and hits you!
* * * LOW HITPOINT WARNING * * *
The wall freezes the hornet but does no damage.
The hornet stings you!
* * * LOW HITPOINT WARNING * * *
You feel yourself slow down.
You can move again.
a - a staff of alchemy (weapon)
You are hit by a branch!
* * * LOW HITPOINT WARNING * * *
The wall freezes the hornet but does no damage.
The hornet stings you but does no damage.
You feel much better.
The trees move their gnarly branches around.
You are hit by a branch!
* * * LOW HITPOINT WARNING * * *
A tree reaches out and hits you!
* * * LOW HITPOINT WARNING * * *
The wall freezes the hornet but does no damage.
The hornet closely misses you.
The wall freezes the spriggan druid.
The spriggan druid completely misses you.
You feel much better.
The hornet looks more healthy.
A root smacks you from below!
* * * LOW HITPOINT WARNING * * *
The wall freezes the spriggan druid!
The spriggan druid hits you with a +0 quarterstaff.
You die...

#.....###.......♣ #.....#
#P......♣ ♣.. ##...####.......♣
.♣. #...##..#......♣ .. #.#
#....<......##.♣♣.♣ #....
#.......>...##♣♣hi #....
##.........### #♣y ##....
#P.........#.###i♣♣♣♣ #.....
##..........###.@...#♣ #....
#.........##.###....# # #....
##..................###.###.#....
#...................<............
.#.......†..#.#.......#.....##P..
##..##.###..#####.....##....###..
#...#### ##.P# #......#....##...
##...######..# #.....##....#....
#P...#P##.P..# ##...............


You could see 2 spriggan druids, a hornet and a wolf.

Vanquished Creatures
  2 hydras
  A skyshark (Lair:2)
  Amaemon (Lair:2)
  A skeletal warrior (D:10)
  2 necromancers (D:10)
  4 oklob plants (Lair:1)
  2 centaur zombies (D:10)
  3 black mambas
  5 cane toads
  An orange demon (Lair:2)
  Jeremiah (Lair:1)
  4 komodo dragons (Lair:2)
  A polar bear (Lair:2)
  14 blink frogs
  2 trolls (D:10)
  5 meliai zombies (D:10)
  6 hornets
  A culicivora (Lair:2)
  5 vampires (D:10)
  4 wraiths (D:10)
  5 wyverns
  55 yaks
  Grum (D:8)
  2 acid dragons (D:9)
  10 water moccasins
  A sky beast (D:8)
  An ogre (D:5)
  25 wolves
  8 centaurs
  9 phantoms
  3 kobold brigands
  13 bullfrogs
  A scorpion (D:5)
  18 wights
  18 killer bees
  2 hounds
  3 orc priests
  2 jellies
  2 bombardier beetles
  2 gnoll boudas
  A sleepcap (D:5)
  6 iguanas
  12 orc wizards
  Terence (D:2)
  13 gnolls
  4 adders
  A shadow imp (D:7)
  A white imp (D:5)
  2 ufetubi (D:5)
  3 dart slugs
  A ribbon worm (D:5)
  20 orcs
  10 endoplasms
  5 giant cockroaches
  9 goblins
  7 hobgoblins
  5 jackals
  2 quokkas
  7 ball pythons
  2 bats (D:2)
  A frilled lizard (D:1)
  12 kobolds
  6 rats
  A spectral goblin (D:7)
378 creatures vanquished.

Vanquished Creatures (others)
  An acid dragon (D:8)
1 creature vanquished.

Grand Total: 379 creatures vanquished

Notes
Turn   | Place    | Note
-------+----------+-------------------------------------------
     0 | D:1      | sdynet the Draconian Air Elementalist began the quest for
                  | the Orb.
     0 | D:1      | Reached XP level 1. HP: 14/14 MP: 3/3
   226 | D:1      | Reached XP level 2. HP: 20/20 MP: 0/5
   423 | D:1      | Learned a level 2 spell: Static Discharge
   970 | D:1      | Reached XP level 3. HP: 26/26 MP: 5/7
   974 | D:1      | Learned a level 3 spell: Swiftness
  1397 | D:2      | Reached skill level 3 in Spellcasting
  1492 | D:2      | Reached XP level 4. HP: 28/33 MP: 0/8
  1872 | D:2      | Found Rihudoiph's Book Shoppe.
  2116 | D:2      | Noticed Terence
  2125 | D:2      | Killed Terence
  3556 | D:4      | Found a glowing golden altar of the Shining One.
  3556 | D:4      | Found a broken altar of Ashenzari.
  3809 | D:4      | Reached XP level 5. HP: 11/38 MP: 1/10
  4098 | D:4      | Learned a level 4 spell: Airstrike
  4421 | D:5      | Entered Level 5 of the Dungeon
  4422 | D:5      | Noticed an ogre
  4430 | D:5      | Killed an ogre
  4431 | D:5      | Reached skill level 4 in Spellcasting
  4431 | D:5      | Reached skill level 1 in Evocations
  4431 | D:5      | Reached XP level 6. HP: 45/45 MP: 1/12
  5095 | D:5      | Reached skill level 5 in Spellcasting
  5095 | D:5      | Your scales start taking on a pale cyan-grey colour.
  5095 | D:5      | Reached skill level 5 in Air Magic
  5095 | D:5      | Reached XP level 7. HP: 50/50 MP: 14/14
  5095 | D:5      | Gained mutation: You are immune to the effects of steam.
                  | [Pale Draconian growth]
  6211 | D:6      | Found a runed translucent gate.
  6211 | D:6      | Found a runed translucent gate.
  6211 | D:6      | Found a runed translucent gate.
  6214 | D:6      | Noticed aor's ghost (novice OpMo)
  6398 | D:6      | Found Ipackup's Distillery.
  6402 | D:6      | Bought a potion of curing for 42 gold pieces
  6402 | D:6      | Bought a potion of brilliance for 56 gold pieces
  6402 | D:6      | Bought 2 potions of attraction for 84 gold pieces
  6411 | D:6      | Reached skill level 6 in Spellcasting
  6761 | D:7      | Reached XP level 8. HP: 53/57 MP: 6/17
  7105 | D:7      | Reached skill level 1 in Fighting
  7114 | D:7      | Reached skill level 5 in Conjurations
  7296 | D:7      | Reached skill level 7 in Spellcasting
  7471 | D:7      | Found a staircase to the Ecumenical Temple.
  7481 | Temple   | Entered the Ecumenical Temple
  7500 | Temple   | Became a worshipper of Makhleb the Destroyer
  7747 | D:7      | Found a hazy altar of Hepliaklqana.
  8414 | D:7      | Reached XP level 9. HP: 61/70 MP: 7/20
  8701 | D:7      | Learned a level 3 spell: Frozen Ramparts
  8736 | D:8      | Found a runed translucent gate.
  8740 | D:8      | Found a runed translucent gate.
  8740 | D:8      | Found an opulent altar of Gozag.
  8741 | D:8      | Found a runed translucent gate.
  8742 | D:8      | Noticed an efreet
  8743 | D:8      | Noticed korenl137's ghost (novice AtBe)
  8777 | D:8      | Noticed Grum
  8784 | D:8      | Reached skill level 8 in Spellcasting
  8784 | D:8      | Reached skill level 1 in Ice Magic
  8798 | D:8      | Killed Grum
  9306 | D:8      | Reached * piety under Makhleb
  9307 | D:8      | Reached skill level 9 in Spellcasting
  9309 | D:8      | Reached skill level 5 in Fighting
  9386 | D:8      | Found a sacrificial altar of Ru.
  9720 | D:9      | Reached XP level 10. HP: 81/81 MP: 14/23
  9928 | D:9      | Reached ** piety under Makhleb
  9937 | D:9      | Found Otebaj's Assorted Antiques.
 10050 | D:6      | Bought a potion of resistance for 140 gold pieces
 10367 | D:9      | Found a staircase to the Lair.
 10431 | D:9      | Bought a silvery potion for 21 gold pieces
 10648 | D:10     | Entered Level 10 of the Dungeon
 10675 | D:10     | Noticed a four-headed hydra
 10688 | D:10     | Paralysed by a hornet for 3 turns
 10693 | D:10     | Reached skill level 10 in Spellcasting
 11487 | D:10     | Identified the serpent talisman of Violets {rN+ Str-3 Dex+4
                  | Slay+2}
 11594 | D:10     | Reached skill level 11 in Spellcasting
 11594 | D:10     | Reached XP level 11. HP: 43/92 MP: 8/26
 11759 | D:10     | Found a staircase to the Orcish Mines.
 11800 | D:10     | Killed a four-headed hydra
 12100 | D:10     | Reached skill level 10 in Air Magic
 12303 | D:10     | Noticed a necromancer
 12305 | D:10     | Reached *** piety under Makhleb
 12308 | D:10     | Killed a necromancer
 12965 | D:10     | Noticed a necromancer
 12968 | D:10     | Killed a necromancer
 13305 | D:10     | Reached skill level 12 in Spellcasting
 13490 | D:10     | Reached skill level 1 in Short Blades
 13719 | D:10     | Noticed a skeletal warrior
 13721 | D:10     | Reached **** piety under Makhleb
 13729 | D:10     | Killed a skeletal warrior
 13730 | D:10     | Reached XP level 12. HP: 49/103 MP: 10/28
 13888 | D:10     | Identified the +0 shadow dragon scales "Epysh" {Regen+
                  | Int+2 Stlth++++}
 14355 | Lair:1   | Entered Level 1 of the Lair of Beasts
 14858 | Lair:1   | Learned a level 2 spell: Sublimation of Blood
 15022 | Lair:1   | Reached skill level 5 in Dodging
 15023 | Lair:1   | Reached skill level 1 in Necromancy
 15285 | Lair:1   | Reached skill level 13 in Spellcasting
 15597 | Lair:1   | Noticed Jeremiah
 15601 | Lair:1   | Killed Jeremiah
 15800 | Lair:1   | Reached ***** piety under Makhleb
 15832 | Lair:1   | Identified the ring of Wenuel Puep {Ice Str+3 Int-2 SInv}
 15840 | Lair:1   | Identified the +6 glaive "Haerph" {vamp, *Noise *Corrode
                  | rN++ MP+9}
 16008 | Lair:1   | Learned a level 3 spell: Ozocubu's Armour
 16358 | Lair:2   | Noticed Amaemon
 16365 | Lair:2   | Killed Amaemon
 16366 | Lair:2   | Reached XP level 13. HP: 105/111 MP: 22/30
 16618 | Lair:2   | Reached skill level 14 in Spellcasting
 17029 | Lair:2   | Reached skill level 1 in Shields
 17395 | Lair:2   | Paralysed by a hornet for 3 turns
 17398 | Lair:2   | HP: 3/111 [spriggan druid/angry trees (10)]
 17399 | Lair:2   | HP: 1/111 [spriggan druid/angry trees (14)]
 17400 | Lair:2   | Slain by a spriggan druid

Illustrated notes

Levels and vault maps discovered:
D:1:      lemuel_arrival_hallway, layout_loops_ring
D:2:      layout_loops_ring, serial_shops, shop, uniq_terence
D:3:      layout_basic
D:4:      layout_gridville, nicolae_overflow_squiral
D:5:      layout_loops_ring
D:6:      layout_basic, ebering_ghost_rock_garden, serial_shops, shop
D:7:      layout_basic, nicolae_hepliaklqana_monster_ancestors,
          minmay_temple_entry_statues_fountains
D:8:      layout_basic, mainiacjoe_overflow_chevrons, ebering_ghost_gozag,
          uniq_grum
D:9:      layout_rooms, dpeg_oklobed_lair, serial_shops, shop
D:10:     bobbens_index_wilting_gardens, layout_gridville, orc_0_dummy,
          minmay_fractal_squares_5
Temple:   nicolae_temple_bog_church
Lair:1:   minmay_lair_oklob_chamber, layout_cave_pods, lemuel_fruit_tree,
          grunt_megastairs_5, serial_bayou_shore_b, uniq_jeremiah
Lair:2:   layout_small_grid, mainiacjoe_swamp_entry_angry_trees,
          spider_nest_entry_funnel_web, uniq_amaemon

Skill      XL: |  1  2  3  4  5  6  7  8  9 10 11 12 13 |
---------------+----------------------------------------+-----
Stealth        | 2 3 |  3.0
Spellcasting   | 3 4 5 6 7 9 11 12 13 14 | 14.4
Conjurations   | 2 3 4 5 |  5.0
Air Magic      | 4 5 6 7 8 9 10 11 12 | 12.5
Evocations     | 1 2 3 |  3.0
Fighting       | 3 5 7 8 9 |  9.0
Dodging        | 2 4 6 |  6.0
Ice Magic      | 2 3 4 |  4.0
Short Blades   | 1 |  1.0
Necromancy     | 3 |  3.0
Shields        | 2 |  2.0

Action                     |  1- 3 |  4- 6 |  7- 9 | 10-12 | 13-15 || total
---------------------------+-------+-------+-------+-------+-------++-------
  Melee: Dagger            |     9 |       |       |    67 |       ||    76
         Unarmed           |     3 |     3 |       |       |       ||     6
         Flail             |       |    56 |    58 |    20 |       ||   134
         Tailslap          |       |     5 |    11 |    23 |       ||    39
         Staff             |       |       |       |       |     3 ||     3
  Throw: Dart              |       |       |       |     9 |     6 ||    15
   Cast: Shock             |    59 |    42 |    22 |       |       ||   123
         Static Discharge  |     6 |    47 |    52 |   138 |    30 ||   273
         Airstrike         |       |       |    26 |   117 |    15 ||   158
         Frozen Ramparts   |       |       |     4 |    17 |     8 ||    29
         Sublimation of Bl |       |       |       |       |     5 ||     5
         Ozocubu's Armour  |       |       |       |       |     2 ||     2
Ability: Steam Breath      |       |       |     7 |     8 |     2 ||    17
  Evoke: Wand              |       |     1 |     9 |    36 |     8 ||    54
         Box of beasts     |       |       |       |     1 |       ||     1
    Use: Scroll            |     1 |     6 |     7 |     9 |     2 ||    25
         Potion            |     1 |     2 |     2 |     5 |     2 ||    12
   Stab: Sleeping          |       |     7 |     3 |     1 |       ||    11
         Paralysed         |       |       |     5 |    39 |       ||    44
         Distracted        |       |       |       |     1 |       ||     1
 Armour: Skin              |    37 |   125 |   159 |   399 |    92 ||   812
  Dodge: Dodged            |    43 |    53 |    80 |   155 |    40 ||   371
  Block: Buckler           |       |       |       |       |     9 ||     9

Table legend: (Time is in decaauts)
 A = Elapsed time spent in this place.
 B = Non-inter-level travel time spent in this place.
 C = Inter-level travel time spent in this place.
 D = Time resting spent in this place.
 E = Time spent auto-exploring this place.
 F = Levels seen in this place.
 G = Mean time per level.
                   A        B        C        D        E       F      G
               +--------+--------+--------+--------+--------+-----+--------+
         Total |  17475 |  16211 |   1264 |    247 |  13410 |  13 | 1344.2 |
       Dungeon |  14528 |  13328 |   1200 |    247 |  11010 |  10 | 1452.8 |
        Temple |     24 |     11 |     13 |      0 |      0 |   1 |   24.0 |
          Lair |   2922 |   2872 |     50 |      0 |   2400 |   2 | 1461.0 |
               +--------+--------+--------+--------+--------+-----+--------+

Top non-repeatable levels by time:
    D:10: 3460 daAuts
  Lair:1: 1874 daAuts
     D:7: 1644 daAuts
     D:1: 1544 daAuts
     D:5: 1507 daAuts
     D:8: 1238 daAuts
     D:2: 1143 daAuts
     D:4: 1092 daAuts
     D:9: 1064 daAuts
     D:6: 1062 daAuts
  Lair:2: 1048 daAuts
     D:3: 771 daAuts
  Temple: 24 daAuts
